 Dungeon Crawl Stone Soup version 0.23.2-1-ga50397a6bc (webtiles) character file.

Game seed: 16116096608252486814

467546 Zlobey the Hoplite (level 24, -5/163 HPs)
             Began as a Gargoyle Fighter on Apr 24, 2019.
             Was the Champion of Okawaru.
             Killed by divine providence
             ... invoked by a mummy priest
              (13 damage)
             ... on level 2 of the Tomb of the Ancients on Apr 26, 2019.
             The game lasted 05:08:50 (54525 turns).

Zlobey the Hoplite (Gargoyle Fighter)              Turns: 54525, Time: 05:08:51

Health: -5/163     AC: 48    Str: 23    XL:     24   Next: 28%
Magic:  28/28      EV: 34    Int: 14    God:    Okawaru [******]
Gold:   3282       SH: 30    Dex: 24    Spells: 23/23 levels left

rFire    + + .     SeeInvis +   B - +12 mace "Demonbane" {freeze, MR++ Stlth+}
rCold    + + +     Gourm    .   e - +4 large shield {AC+3}
rNeg     + + +     Faith    .   l - +1 chain mail of Rinadier {+Inv rF+ rN+}
rPois    ∞         Spirit   .   X - +1 helmet
rElec    +         Reflect  .   x - +0 cloak of Amorality {rC+ rN+ Dex+2 Slay+3}
rCorr    +         Harm     .   A - +2 pair of gloves {Dex+3}
MR       +++++                  J - +2 pair of boots {run}
Stlth    ..........             W - amulet of the acrobat
HPRegen  0.37/turn              I - ring "Mubrixih" {rN+ MR++ Slay+6 SInv}
MPRegen  0.21/turn              T - ring "Umiamef" {rN+ Int+2 Dex+4}

@: resistant, marked, acrobat, flying, very slightly contaminated, hasted,
studying 2 skills, very quick
A: big wings, repulsion field 1, cold resistance 1, negative energy resistance
1, electricity resistance, unbreathing, petrification resistance, no potion heal
1, rot immunity, AC +18
}: 3/15 runes: barnacled, silver, gossamer
a: Stop Flying, Heroism, Finesse, Renounce Religion, Evoke Invisibility


You were on level 2 of the Tomb of the Ancients.
You worshipped Okawaru.
Okawaru was exalted by your worship.
You were hungry.

You visited 10 branches of the dungeon, and saw 42 of its levels.
You also visited: Gauntlet.

You collected 5582 gold pieces.
You spent 2300 gold pieces at shops.

Inventory:

Hand Weapons
 w - the +7 broad axe of Responsibility {chop, rElec Int+2 Stlth-}
   (You found it on level 10 of the Dungeon)

   It inflicts extra damage upon your enemies.
   It affects your intelligence (+2).
   It insulates you from electricity.
   It makes you less stealthy.
 B - the +12 mace "Demonbane" (weapon) {freeze, MR++ Stlth+}
   (You found it on level 5 of the Dungeon)

   It has been specially enchanted to freeze those struck by it, causing extra
   injury to most foes and up to half again as much damage against particularly
   susceptible opponents.
   It can also slow down cold-blooded creatures.
   It affects your resistance to hostile enchantments.
   It makes you more stealthy.
Missiles
 O - 23 javelins of penetration (quivered)
Armour
 e - a +4 large shield of protection (worn)
 l - the +1 chain mail of Rinadier (worn) {+Inv rF+ rN+}
   (You took it off an orc warrior on level 8 of the Dungeon)

   It protects you from fire.
   It protects you from negative energy.
   It lets you turn invisible.
 x - the +0 cloak of Amorality (worn) {rC+ rN+ Dex+2 Slay+3}
   (Okawaru gifted it to you on level 2 of the Vaults)

   It affects your dexterity (+2).
   It affects your accuracy and damage with ranged weapons and melee attacks
   (+3).
   It protects you from cold.
   It protects you from negative energy.
 A - a +2 pair of gloves of dexterity (worn)
 J - a +2 pair of boots of running (worn)
 X - a +1 helmet (worn)
Jewellery
 I - the ring "Mubrixih" (left hand) {rN+ MR++ Slay+6 SInv}
   (You found it on level 3 of the Crypt)

   [ring of positive energy]

   It affects your accuracy and damage with ranged weapons and melee attacks
   (+6).
   It protects you from negative energy.
   It affects your resistance to hostile enchantments.
   It lets you see invisible.
 T - the ring "Umiamef" (right hand) {rN+ Int+2 Dex+4}
   (You found it on level 3 of the Crypt)

   [ring of positive energy]

   It affects your intelligence (+2).
   It affects your dexterity (+4).
   It protects you from negative energy.
 W - an amulet of the acrobat (around neck)
Wands
 i - a wand of enslavement (29)
 m - a wand of random effects (7)
 t - a wand of digging (23)
 F - a wand of clouds (3)
 G - a wand of disintegration (10)
 N - a wand of paralysis (23)
 R - a wand of flame (82)
 U - a wand of polymorph (25)
 Y - a wand of acid (16)
Scrolls
 c - 2 scrolls of brand weapon
 g - 8 scrolls of fog
 j - 8 scrolls of teleportation
 k - 5 scrolls of enchant weapon
 v - 4 scrolls of identify
 D - 2 scrolls of amnesia
 E - 3 scrolls of immolation
 S - a scroll of fear
 V - 2 scrolls of torment
Potions
 a - 4 potions of agility
 d - 6 potions of might
 n - 12 potions of curing
 q - 5 potions of berserk rage
 r - 2 potions of resistance
 C - 4 potions of ambrosia
 K - 2 potions of haste
 M - 4 potions of mutation
 P - 3 potions of brilliance
Books
 b - a manual of Poison Magic
 p - a manual of Unarmed Combat
Miscellaneous
 H - a sack of spiders
 Q - 2 phantom mirrors
Comestibles
 f - 47 rations


   Skills:
 + Level 20.3 Fighting
   Level 10.0 Short Blades
 + Level 17.9 Maces & Flails
 - Level 0.9 Throwing
 + Level 16.2 Armour
 + Level 9.9 Dodging
 - Level 25.0 Shields
 + Level 7.1 Invocations
 + Level 2.4 Evocations


You had 23 spell levels left.
You didn't know any spells.
Your spell library contained the following spells:

 Spells                   Type           Power        Failure   Level  Hunger
 Animate Skeleton         Necr           N/A          75%         1    ##.....
 Apportation              Tloc           #.....       75%         1    ##.....
 Confusing Touch          Hex            #.....       75%         1    ##.....
 Corona                   Hex            #......      75%         1    ##.....
 Freeze                   Ice            #...         75%         1    ##.....
 Magic Dart               Conj           #...         75%         1    ##.....
 Pain                     Necr           #...         75%         1    ##.....
 Sandblast                Erth           #.....       75%         1    ##.....
 Shock                    Conj/Air       #...         75%         1    ##.....
 Sting                    Conj/Pois      #...         75%         1    ##.....
 Summon Butterflies       Summ           #.......     75%         1    ##.....
 Summon Small Mammal      Summ           #...         75%         1    ##.....
 Blink                    Tloc           N/A          87%         2    ###....
 Call Imp                 Summ           #.......     87%         2    ###....
 Corpse Rot               Necr           N/A          87%         2    ###....
 Ensorcelled Hibernation  Hex/Ice        #.....       87%         2    ###....
 Passwall                 Tmut/Erth      #.......     87%         2    ###....
 Poisonous Vapours        Pois/Air       #.....       87%         2    ###....
 Searing Ray              Conj           #.....       87%         2    ###....
 Slow                     Hex            #.......     87%         2    ###....
 Swiftness                Chrm/Air       #.......     87%         2    ###....
 Throw Frost              Conj/Ice       #.....       87%         2    ###....
 Confuse                  Hex            #.......     98%         3    ####...
 Conjure Flame            Conj/Fire      #.......     98%         3    ####...
 Dazzling Spray           Conj/Hex       #.....       98%         3    ####...
 Gell's Gravitas          Tloc           #.........   98%         3    ####...
 Inner Flame              Hex/Fire       #.......     98%         3    ####...
 Lesser Beckoning         Tloc           #.........   98%         3    ####...
 Mephitic Cloud           Conj/Pois/Air  #.......     98%         3    ####...
 Ozocubu's Armour         Chrm/Ice       #.......     98%         3    ####...
 Portal Projectile        Hex/Tloc       #.....       98%         3    ####...
 Recall                   Summ/Tloc      N/A          98%         3    ####...
 Regeneration             Chrm/Necr      #.........   98%         3    ####...
 Static Discharge         Conj/Air       #.......     98%         3    ####...
 Stone Arrow              Conj/Erth      #.....       98%         3    ####...
 Tukima's Dance           Hex            #.......     98%         3    ####...
 Vampiric Draining        Necr           #.........   98%         3    ####...
 Airstrike                Air            #.........   100%        4    #####..
 Animate Dead             Necr           N/A          100%        4    #####..
 Cause Fear               Hex            #.........   100%        4    #####..
 Force Lance              Conj/Tloc      #.......     100%        4    #####..
 Fulminant Prism          Conj/Hex       #.........   100%        4    #####..
 Ice Form                 Ice/Tmut       #.......     100%        4    #####..
 Iskenderun's Mystic Bla  Conj           #.......     100%        4    #####..
 Leda's Liquefaction      Hex/Erth       #.........   100%        4    #####..
 Olgreb's Toxic Radiance  Pois           #.......     100%        4    #####..
 Petrify                  Tmut/Erth      #.......     100%        4    #####..
 Summon Ice Beast         Ice/Summ       #.......     100%        4    #####..
 Summon Lightning Spire   Summ/Air       #.......     100%        4    #####..
 Throw Icicle             Conj/Ice       #.......     100%        4    #####..
 Agony                    Necr           #.......     100%        5    ######.
 Alistair's Intoxication  Tmut/Pois      #.......     100%        5    ######.
 Aura of Abjuration       Summ           #.........   100%        5    ######.
 Bolt of Draining         Conj/Necr      #.........   100%        5    ######.
 Bolt of Magma            Conj/Fire/Erth #.........   100%        5    ######.
 Dispel Undead            Necr           #.......     100%        5    ######.
 Excruciating Wounds      Chrm/Necr      #.........   100%        5    ######.
 Irradiate                Conj/Tmut      #.........   100%        5    ######.
 Lee's Rapid Deconstruct  Erth           #.........   100%        5    ######.
 Lightning Bolt           Conj/Air       #.........   100%        5    ######.
 Metabolic Englaciation   Hex/Ice        #.........   100%        5    ######.
 Silence                  Hex/Air        #.........   100%        5    ######.
 Summon Demon             Summ           #.........   100%        5    ######.
 Summon Forest            Summ/Tloc      #.........   100%        5    ######.
 Summon Mana Viper        Hex/Summ       #.......     100%        5    ######.
 Venom Bolt               Conj/Pois      #.........   100%        5    ######.
 Yara's Violent Unravell  Hex/Tmut       #.........   100%        5    ######.
 Bolt of Cold             Conj/Ice       #.........   100%        6    #######
 Conjure Ball Lightning   Conj/Air       #.........   100%        6    #######
 Deflect Missiles         Chrm/Air       #.........   100%        6    #######
 Freezing Cloud           Conj/Ice/Air   #.........   100%        6    #######
 Hydra Form               Tmut           #.........   100%        6    #######
 Invisibility             Hex            #.......     100%        6    #######
 Iron Shot                Conj/Erth      #.........   100%        6    #######
 Ozocubu's Refrigeration  Ice            #.........   100%        6    #######
 Shadow Creatures         Summ           N/A          100%        6    #######
 Simulacrum               Ice/Necr       #.........   100%        6    #######
 Dragon Form              Tmut           #.........   100%        7    #######
 Tornado                  Air            #.........   100%        9    #######
 Sublimation of Blood     Necr           Unusable     N/A         2    N/A
 Statue Form              Tmut/Erth      Unusable     N/A         6    N/A

Dungeon Overview and Level Annotations

Branches:
Dungeon (14/15)            Temple (1/1) D:5            Lair (6/6) D:9
 Shoals (4/4) Lair:3       Spider (4/4) Lair:4        Slime (0/5) Lair:5
    Orc (2/2) D:12            Elf (1/3) Orc:2        Vaults (5/5) D:14
  Crypt (3/3) Vaults:2       Tomb (2/3) Crypt:3

Altars:
Ashenzari
Cheibriados
Dithmenos
Elyvilon
Fedhas
Gozag
Hepliaklqana
Kikubaaqudgha
Makhleb
Nemelex Xobeh
Okawaru
Qazlal
Ru
Sif Muna
Trog
Uskayaw
Vehumet
Wu Jian
Xom
Yredelemnul
Zin
The Shining One
Beogh
Jiyva

Shops:
D:10 ?   Orc:2 [*:[   Shoals:3 :   Vaults:3 %   Vaults:5 %?!

Annotations:
D:5 2 transporters
Shoals:2 3 runed translucent doors, Peloso's ghost, adept MiFi
Shoals:4 1 runed translucent door, NeAGen181's ghost, adept HOFi
Elf:1 Azrael
Vaults:1 Cucueget's ghost, adept MiFi


Innate Abilities, Weirdness & Mutations

You are resistant to torment.
Your stone body is resilient. (AC +18)
You are immune to poison.
Your large and strong wings let you fly indefinitely.
You resist negative energy. (rN+)
You are resistant to electric shocks. (rElec)
You can survive without breathing.
You are immune to petrification.
You are immune to rotting.
You are surrounded by a mild repulsion field. (EV +2)
Your flesh is cold resistant. (rC+)
Potions are less effective at restoring your health.


Message History

The greater mummy gestures wildly while chanting.
The mummy priest calls on the powers of darkness!
The mana viper convulses! x2; The emperor scorpion convulses! x2
You feel a surge of unholy energy.
The emperor scorpion convulses! x2
You block the phantasmal warrior's attack.
The emperor scorpion disappears in a puff of smoke!
The greater mummy mumbles some strange words.
The mummy priest mumbles some strange prayers to its god.
A mummy comes into view.
The greater mummy calls on the powers of darkness!
The mana viper convulses! x2; The emperor scorpion convulses!
Your body is wracked with pain!
* * * LOW HITPOINT WARNING * * *
The bennu convulses!
The emperor scorpion convulses! x2
Something is bathed in an unholy light! x2
You block the frost giant simulacrum's attack.
You block the mana viper's attack.
The mummy priest mumbles some strange prayers to its god against you.
Something smites you!
You die...

*,,,,*,,,,,,,,,,,,*,,,,,,,,*,,,,,
***+******#########M#########,,,,
,,,,,,,,,,,.................#****
,,,,,,,,.,,##.##.....†....^.#,,,,
,**,,,,,..##^..##....†..#*,,*,,,,
,**,,,,,.............?!.##..#,,,,
,,,,,,,*#.........##...††...#,,,,
,,,,,,.##........Z##sW§b3§..#,,,,
,,,,,,..........@..sMMZM..§.#,,,,
,,,,,*...........S3WM#WV3.§.#,,,,
,,,,**.§.......M...MS##°§§§.#,,,,
,,,,*,..^$....†...sZMM#§Mb3.#**+*
,,,,,,.M..........§M4§§§Z8§.#,,,,
,,,,*,M.............§§#§§§§.#,,,,
,,,,**^............§§##§§§§.#,,,,
,,,,,*Z.............§#§.§...MM..,
,,,,,,......................#...,


You could see 4 greater mummies, 3 emperor scorpions, a bennu (inner flame), 2
mummy priests, a jiangshi, a shadow wraith (invisible), an orange demon, a
phantasmal warrior, 2 mana vipers, 2 guardian mummies, a ynoxinul, a shadow
(invisible), 2 mummies, a troll simulacrum, a frost giant simulacrum (dazed) and
an emperor scorpion zombie.

Vanquished Creatures
  3 ancient liches
  Bai Suzhen (Spider:3)
  Frederick (Crypt:2)
  A golden dragon (Vaults:5)
  Arachne (Spider:4)
  A bone dragon (Crypt:3)
  A tentacled monstrosity (Vaults:5)
  3 liches
  3 quicksilver dragons (Vaults:5)
  2 titans
  Frances (Shoals:2)
  5 ancient champions
  13 sphinxes
  3 storm dragons
  Roxanne (Spider:1)
  6 shadow dragons (Vaults:5)
  2 tengu reavers (Vaults:5)
  2 revenants
  Ilsuiw (Shoals:2)
  4 fire giants (Vaults:5)
  Aizul (Spider:3)
  2 orc warlords
  14 vault wardens
  A frost giant (Vaults:5)
  3 ghost moths
  3 emperor scorpions
  3 curse skulls
  7 war gargoyles
  A reaper (Crypt:2)
  A deep elf elementalist (Vaults:5)
  4 ghouls
  6 stone giants
  8 entropy weavers
  15 ironheart preservers
  8 very ugly things
  Nessos (D:13)
  A minotaur (Gauntlet)
  6 vampire knights
  4 bennus (Tomb:1)
  A dire elephant (Lair:6)
  4 deep elf demonologists
  A spark wasp (Spider:4)
  3 deep elf annihilators (Vaults:5)
  3 ettins
  4 merfolk javelineers
  10 mummy priests
  An ettin (shapeshifter) (Vaults:4)
  A deep elf death mage (Vaults:2)
  3 eidola
  A fire dragon (Vaults:1)
  2 jiangshi (Crypt:3)
  A great orb of eyes (Vaults:4)
  11 yaktaur captains
  4 merfolk impalers
  2 rakshasas
  13 ogre magi
  Erolcha (D:9)
  12 hydras
  An ice dragon (Vaults:1)
  Fannar (Lair:3)
  Harold (D:8)
  4 merfolk avatars
  24 vault guards
  7 death knights
  3 deep troll shamans
  2 alligator snapping turtles (Shoals:4)
  3 centaur warriors
  A catoblepas (Lair:2)
  A satyr (shapeshifter) (Vaults:5)
  A two-headed ogre (shapeshifter) (Vaults:2)
  The ghost of Tarnath the Blocker, a journeyman GrFi of Wu Jian (D:10)
  10 merfolk aquamancers
  34 two-headed ogres
  A queen ant (Spider:3)
  18 death scarabs
  2 satyrs (Shoals:2)
  2 deep troll earth magi
  6 vampire magi
  A tengu warrior (D:13)
  A titan zombie (Crypt:3)
  Sonja (D:13)
  3 deep elf knights
  3 titan skeletons
  4 shadow wraiths
  A hell knight (Vaults:5)
  An iron troll (Orc:2)
  A storm dragon skeleton (Crypt:3)
  A death drake (Gauntlet)
  An unseen horror (D:14)
  2 large abominations (Gauntlet)
  5 deep elf archers
  15 deep trolls
  12 sea snakes
  3 flayed ghosts
  A glowing orange brain (Vaults:2)
  29 skeletal warriors
  15 ironbrand convokers
  A shadow dragon zombie (Tomb:1)
  2 deep trolls (shapeshifter)
  An obsidian statue (Shoals:1)
  A sea snake (shapeshifter) (Vaults:3)
  A sphinx zombie (Vaults:4)
  A mana viper (shapeshifter) (Vaults:5)
  16 harpies
  A wizard (Vaults:1)
  13 phantasmal warriors
  A wolf spider zombie (Crypt:3)
  An anaconda skeleton (Tomb:2)
  20 orb spiders
  6 orc knights
  A tengu skeleton (Vaults:5)
  47 wolf spiders
  An oklob plant (Lair:1)
  10 manticores
  An orc sorcerer (Vaults:4)
  An iron dragon zombie (Vaults:5)
  25 ugly things
  6 necromancers
  2 fire giant zombies (Crypt:2)
  13 fauns
  2 moths of wrath
  3 deep elf magi
  2 shadow dragon skeletons
  A stone giant zombie (Crypt:3)
  6 cyclopes
  7 merfolk sirens
  2 spectral centaurs (Gauntlet)
  2 torpor snails
  4 elephants (Lair:6)
  2 black mambas
  9 fire giant skeletons
  A frost giant skeleton (Crypt:3)
  2 guardian serpents (shapeshifter) (Vaults:3)
  5 water nymphs
  2 stone giant skeletons
  A spiny frog (shapeshifter) (Vaults:2)
  Psyche (D:8)
  11 spiny frogs
  12 vault sentinels
  6 gargoyles
  2 kobold demonologists
  5 rime drakes
  11 komodo dragons
  A yaktaur zombie (Vaults:5)
  A komodo dragon (shapeshifter) (Vaults:2)
  7 freezing wraiths
  32 yaktaurs
  14 demonic crawlers
  A black draconian skeleton (Crypt:2)
  A green draconian skeleton (Crypt:1)
  4 guardian mummies
  2 iron troll skeletons
  A purple draconian skeleton (Crypt:1)
  A meliai (shapeshifter) (Vaults:1)
  13 trolls
  A yaktaur skeleton (Vaults:5)
  29 merfolk
  2 queen bees
  A troll (shapeshifter) (Vaults:2)
  50 jumping spiders
  7 polar bears
  An ettin zombie (Crypt:3)
  A harpy zombie (Crypt:1)
  A merfolk (shapeshifter) (D:14)
  19 slime creatures
  4 wind drakes
  A bog body (Crypt:2)
  17 hornets
  An ice dragon zombie (Crypt:3)
  13 snapping turtles
  9 blink frogs
  A dream sheep (shapeshifter) (Vaults:3)
  6 dream sheep
  A raiju (shapeshifter) (Vaults:5)
  17 hippogriffs
  A fire giant simulacrum (Vaults:3)
  A meliai zombie (D:14)
  4 vampires (Crypt:3)
  An alligator skeleton (Crypt:2)
  15 flying skulls (Tomb:1)
  7 wyverns
  94 redbacks
  An ettin skeleton (Crypt:3)
  16 water elementals
  Eustachio (D:5)
  3 shadows
  9 fire dragon skeletons (Crypt:3)
  41 tarantellas
  Sigmund (D:4)
  An ice dragon skeleton (Crypt:3)
  10 wraiths
  A fire elemental (Orc:2)
  A yak (shapeshifter) (D:14)
  32 yaks
  2 ushabtiu (Tomb:1)
  A human (shapeshifter) (Vaults:3)
  4 basilisks
  Grum (D:8)
  6 hungry ghosts
  A steam dragon (D:13)
  4 wargs
  A two-headed ogre zombie (Crypt:1)
  An acid dragon (Vaults:2)
  7 vampire mosquitoes
  A swamp worm (shapeshifter) (Vaults:3)
  Duvessa (D:4)
  14 water moccasins
  20 soldier ants (Spider:3)
  9 porcupines
  A spiny frog zombie (Crypt:3)
  2 sky beasts (D:12)
  29 orc warriors
  2 phantoms
  4 ice beasts
  A manticore zombie (Crypt:1)
  A swamp dragon zombie (Crypt:3)
  2 black bears
  An ettin simulacrum (Vaults:4)
  42 ogres
  2 black bears (shapeshifter)
  An eye of draining (D:13)
  11 wolves
  A necrophage (Crypt:2)
  A snapping turtle zombie (Crypt:3)
  2 boggarts
  A boggart (shapeshifter) (D:14)
  4 centaurs
  A snapping turtle skeleton (Crypt:3)
  A crocodile (shapeshifter) (Vaults:3)
  11 crocodiles
  A blink frog skeleton (Crypt:2)
  2 human zombies
  A rime drake skeleton (Crypt:1)
  2 big kobolds
  16 bullfrogs
  Dowan (D:4)
  A glowing shapeshifter simulacrum (Vaults:2)
  A gnoll sergeant (Orc:1)
  A human skeleton (Vaults:4)
  5 small abominations
  A raiju zombie (Crypt:2)
  An elf simulacrum (Vaults:2)
  A queen bee zombie (Crypt:1)
  4 scorpions
  45 killer bees
  A manticore simulacrum (Tomb:2)
  4 electric eels
  11 crimson imps
  2 human simulacra (Vaults:1)
  6 centaur zombies
  A quasit (D:13)
  A bullfrog zombie (D:13)
  3 centaur skeletons
  8 hounds
  26 orc priests
  3 iguanas
  4 jellies
  Crazy Yiuf (D:5)
  3 bullfrog skeletons
  Ijyb (D:4)
  Terence (D:2)
  30 worker ants
  Natasha (thrice) (D:2)
  32 orc wizards
  A big kobold zombie (Crypt:2)
  3 hound skeletons
  14 mummies
  9 gnolls
  11 adders
  A steam dragon skeleton (Crypt:2)
  4 shadow imps
  2 ufetubi (Vaults:2)
  An ooze (D:3)
  2 adder skeletons
  4 adder zombies
  6 worms
  A barachi zombie (Crypt:1)
  2 dart slugs
  7 leopard geckos
  88 orcs
  2 ball pythons
  8 bats
  5 giant cockroaches
  14 goblins
  4 hobgoblins
  12 jackals
  19 kobolds
  2 quokkas
  A ball python skeleton (Crypt:1)
  5 frilled lizards
  A kobold zombie (Crypt:1)
  A leopard gecko skeleton (Crypt:1)
  5 rats
  A plant (Lair:1)
1870 creatures vanquished.

Vanquished Creatures (collateral kills)
  3 death scarabs (Tomb:1)
3 creatures vanquished.

Vanquished Creatures (others)
  A sphinx (Tomb:1)
  A ghost moth (Spider:4)
  An orb spider (Spider:4)
  A tarantella (Spider:4)
  A redback (Spider:4)
  7 fungi
  36 plants
  2 withered plants (Shoals:4)
50 creatures vanquished.

Grand Total: 1923 creatures vanquished

Notes
Turn   | Place    | Note
-------+----------+-------------------------------------------
     0 | D:1      | Zlobey the Gargoyle Fighter began the quest for the Orb.
     0 | D:1      | Reached XP level 1. HP: 14/14 MP: 1/1
    81 | D:1      | Reached XP level 2. HP: 18/19 MP: 2/2
   698 | D:2      | Noticed Terence
   711 | D:2      | Killed Terence
   711 | D:2      | Reached skill level 4 in Shields
   711 | D:2      | Reached XP level 3. HP: 22/24 MP: 3/3
   755 | D:2      | Reached XP level 4. HP: 25/29 MP: 4/4
   813 | D:2      | Noticed a fire elemental
   817 | D:2      | Found a stormy altar of Qazlal.
   821 | D:2      | Noticed an air elemental
   821 | D:2      | Noticed a water elemental
   821 | D:2      | Noticed an earth elemental
   973 | D:2      | Found a bloodstained altar of Trog.
   973 | D:2      | Found a glowing silver altar of Zin.
   975 | D:2      | Found a shadowy altar of Dithmenos.
   976 | D:2      | Found a shattered altar of Ashenzari.
   978 | D:2      | Found a white marble altar of Elyvilon.
  1467 | D:2      | Noticed Natasha
  1481 | D:2      | Killed Natasha
  1481 | D:2      | Reached XP level 5. HP: 14/33 MP: 5/5
  1866 | D:3      | Found a hide-covered altar of Uskayaw.
  1866 | D:3      | Noticed a +0 dagger
  1866 | D:3      | Noticed a +0 dagger
  1915 | D:3      | Found a deep blue altar of Sif Muna.
  2222 | D:4      | Found a stormy altar of Qazlal.
  2225 | D:4      | Found a snail-covered altar of Cheibriados.
  2240 | D:4      | Noticed Ijyb
  2255 | D:4      | Killed Ijyb
  2283 | D:4      | Noticed Duvessa
  2283 | D:4      | Noticed Dowan
  2299 | D:4      | Killed Duvessa
  2299 | D:4      | Reached XP level 6. HP: 30/39 MP: 6/6
  2304 | D:4      | Killed Dowan
  2304 | D:4      | Reached skill level 5 in Shields
  2467 | D:4      | Reached XP level 7. HP: 44/44 MP: 7/7
  2513 | D:4      | Found a sparkling altar of Nemelex Xobeh.
  2534 | D:4      | Reached skill level 1 in Short Blades
  2627 | D:4      | Noticed Sigmund
  2655 | D:4      | Killed Sigmund
  2655 | D:4      | Reached skill level 5 in Fighting
  3093 | D:5      | Entered Level 5 of the Dungeon
  3787 | D:2      | Noticed Natasha
  3793 | D:2      | Killed Natasha
  3793 | D:2      | Reached skill level 5 in Armour
  4064 | D:2      | Noticed Natasha
  4072 | D:2      | Killed Natasha
  4238 | D:5      | Found a runed translucent door.
  4239 | D:5      | Noticed Crazy Yiuf
  4242 | D:5      | Got a faintly glowing mace
  4253 | D:5      | Killed Crazy Yiuf
  4253 | D:5      | Reached XP level 8. HP: 29/49 MP: 4/8
  4296 | D:5      | Found a staircase to the Ecumenical Temple.
  4320 | Temple   | Entered the Ecumenical Temple
  4371 | Temple   | Became a worshipper of Warmaster Okawaru
  4449 | D:5      | Noticed Eustachio
  4532 | D:5      | Killed Eustachio
  4532 | D:5      | Reached skill level 6 in Shields
  4600 | D:5      | Reached * piety under Okawaru
  4614 | D:5      | Found a transporter.
  4614 | D:5      | Found a radiant altar of Vehumet.
  4614 | D:5      | Noticed a hornet
  4620 | D:5      | Found a transporter.
  4806 | D:5      | Reached skill level 5 in Short Blades
  5206 | D:6      | Reached XP level 9. HP: 55/55 MP: 9/9
  5541 | D:7      | Reached ** piety under Okawaru
  5654 | D:7      | Found a shattered altar of Ashenzari.
  5820 | D:7      | Found a hazy altar of Hepliaklqana.
  5925 | D:8      | Noticed Grum
  6171 | D:7      | Reached skill level 7 in Shields
  6312 | D:7      | Reached *** piety under Okawaru
  6480 | D:8      | Noticed Psyche
  6492 | D:8      | Killed Psyche
  6497 | D:8      | Noticed a hornet
  6505 | D:8      | Killed a hornet
  6514 | D:8      | Reached skill level 8 in Shields
  6520 | D:8      | Reached XP level 10. HP: 55/63 MP: 10/10
  6675 | D:8      | Killed Grum
  6675 | D:8      | Received a gift from Okawaru
  6747 | D:8      | HP: 1/96 [orc warrior/+0 war axe (13)]
  7130 | D:8      | Identified the cursed +1 chain mail of Rinadier {+Inv rF+
                  | rN+}
  7238 | D:8      | Noticed Harold
  7260 | D:8      | Killed Harold
  7260 | D:8      | Reached **** piety under Okawaru
  7494 | D:8      | Got a steaming mace
  7786 | D:9      | Found an ancient bone altar of Kikubaaqudgha.
  7992 | D:9      | Found an ancient bone altar of Kikubaaqudgha.
  8102 | D:9      | Noticed a cyclops
  8115 | D:9      | Killed a cyclops
  8115 | D:9      | Reached skill level 9 in Shields
  8341 | D:9      | Noticed Erolcha
  8376 | D:9      | Killed Erolcha
  8376 | D:9      | Reached ***** piety under Okawaru
  8376 | D:9      | Reached skill level 10 in Short Blades
  8376 | D:9      | Reached XP level 11. HP: 36/71 MP: 11/11
  8585 | D:9      | Found a staircase to the Lair.
  8852 | D:9      | Identified the +12 mace "Demonbane" {freeze, MR++ Stlth+}
                  | (You found it on level 5 of the Dungeon)
  8855 | D:9      | Identified the +7 mace "Turysuot" {vamp, +Fly rN++ SInv
                  | Stlth+} (You found it on level 8 of the Dungeon)
  8866 | Lair:1   | Entered Level 1 of the Lair of Beasts
  9174 | Lair:1   | Found a gate leading to a gauntlet.
  9183 | Gauntlet | Entered a Gauntlet
  9183 | Gauntlet | Found a transporter.
  9192 | Gauntlet | Found a transporter.
  9193 | Gauntlet | Noticed a green ugly thing
  9196 | Gauntlet | Noticed a white ugly thing
  9201 | Gauntlet | Noticed a great orb of eyes
  9204 | Gauntlet | Found a transporter.
  9207 | Gauntlet | Found the +0 mask of the Dragon {MR+ Slay+3 SInv}
  9208 | Gauntlet | Found a transporter.
  9224 | Gauntlet | Found a transporter.
  9225 | Gauntlet | Noticed a catoblepas
  9238 | Gauntlet | Found a transporter.
  9243 | Gauntlet | Found a transporter.
  9247 | Gauntlet | Found a transporter.
  9251 | Gauntlet | Noticed a death scarab
  9255 | Gauntlet | Noticed a death scarab
  9270 | Gauntlet | Found a transporter.
  9270 | Gauntlet | Noticed a death drake
  9290 | Gauntlet | Found a transporter.
  9294 | Gauntlet | Found a transporter.
  9299 | Gauntlet | Noticed a large abomination
  9300 | Gauntlet | Noticed a large abomination
  9302 | Gauntlet | Found a transporter.
  9463 | Gauntlet | Killed a large abomination
  9463 | Gauntlet | Reached skill level 5 in Maces & Flails
  9468 | Gauntlet | Killed a large abomination
  9751 | Gauntlet | Killed a death drake
  9752 | Gauntlet | Reached skill level 1 in Invocations
  9786 | Gauntlet | Got a heavily runed silver amulet
  9792 | Gauntlet | Identified the amulet "Qaffoaq" {Gourm +Fly rC+ MR+} (You
                  | found it in a Gauntlet)
  9803 | Gauntlet | Noticed a minotaur
  9821 | Gauntlet | Killed a minotaur
  9821 | Gauntlet | Reached skill level 1 in Dodging
 10052 | Lair:1   | Reached skill level 10 in Fighting
 10122 | Lair:1   | Reached skill level 10 in Shields
 10445 | Lair:1   | Reached XP level 12. HP: 37/77 MP: 13/13
 11249 | Lair:2   | Noticed a catoblepas
 11261 | Lair:2   | Killed a catoblepas
 11880 | Lair:2   | Reached ****** piety under Okawaru
 11880 | Lair:2   | Received a gift from Okawaru
 12294 | Lair:3   | Noticed Fannar
 12321 | Lair:3   | Killed Fannar
 12560 | Lair:3   | Found a staircase to the Shoals.
 12790 | Lair:3   | Noticed a seven-headed hydra
 12799 | Lair:3   | Killed a seven-headed hydra
 13401 | Lair:4   | Noticed a seven-headed hydra
 13403 | Lair:4   | Noticed a five-headed hydra
 13413 | Lair:4   | Killed a seven-headed hydra
 13413 | Lair:4   | Reached skill level 10 in Maces & Flails
 13413 | Lair:4   | Reached skill level 11 in Shields
 13417 | Lair:4   | Killed a five-headed hydra
 13477 | Lair:4   | Noticed a six-headed hydra
 13484 | Lair:4   | Killed a six-headed hydra
 13493 | Lair:4   | Received a gift from Okawaru
 13781 | Lair:4   | Reached XP level 13. HP: 73/83 MP: 13/15
 14586 | Lair:4   | Found a hole to the Spider Nest.
 14845 | Lair:5   | Found a staircase to the Slime Pits.
 14845 | Lair:5   | Found a viscous altar of Jiyva.
 14867 | Lair:5   | Reached skill level 12 in Shields
 15567 | Lair:6   | Entered Level 6 of the Lair of Beasts
 15914 | Lair:6   | Received a gift from Okawaru
 15915 | Lair:6   | Got a colourful robe {god gift}
 16036 | Lair:6   | Identified the +2 robe of the Snail {-Tele Dex+7 SInv}
                  | (Okawaru gifted it to you on level 6 of the Lair of Beasts)
 16411 | Lair:6   | Got a pair of transparent gloves
 16467 | Lair:6   | Identified the +0 pair of gloves "Wut Haso" {Dex+2} (You
                  | found it on level 6 of the Lair of Beasts)
 16497 | Lair:6   | Reached skill level 13 in Shields
 16507 | Lair:6   | Gained mutation: Your large and strong wings let you fly
                  | indefinitely. [Gargoyle growth]
 16507 | Lair:6   | Reached XP level 14. HP: 70/90 MP: 16/16
 16638 | Lair:6   | Noticed a dire elephant
 16667 | Lair:6   | Killed a dire elephant
 17750 | D:10     | Entered Level 10 of the Dungeon
 17792 | D:10     | Found a runed translucent gate.
 17792 | D:10     | Found a runed translucent gate.
 17792 | D:10     | Found a runed translucent gate.
 17793 | D:10     | Noticed Tarnath's ghost (journeyman GrFi)
 17828 | D:10     | Found Hotul's Magic Scroll Shoppe.
 17855 | D:10     | Bought a scroll of blinking for 82 gold pieces
 19090 | D:11     | Received a gift from Okawaru
 19653 | D:12     | Found a staircase to the Orcish Mines.
 20374 | D:12     | Reached skill level 14 in Shields
 20509 | D:12     | Got a slimy leather armour
 20520 | D:12     | Identified the +0 leather armour of Dithmenos's Generosity
                  | {rPois} (You found it on level 12 of the Dungeon)
 20931 | Orc:1    | Entered Level 1 of the Orcish Mines
 20931 | Orc:1    | Noticed an orc warlord
 21095 | D:10     | Bought a scroll of remove curse for 33 gold pieces
 21095 | D:10     | Bought a scroll of remove curse for 33 gold pieces
 21165 | D:10     | Killed Tarnath's ghost
 21179 | D:10     | Got a faintly glowing broad axe
 21180 | D:10     | Identified the +7 broad axe of Responsibility {chop, rElec
                  | Int+2 Stlth-} (You found it on level 10 of the Dungeon)
 21780 | D:11     | Killed an orc warlord
 22443 | Orc:1    | Found a roughly hewn altar of Beogh.
 22502 | Orc:1    | Received a gift from Okawaru
 22837 | Orc:2    | Entered Level 2 of the Orcish Mines
 23146 | Orc:2    | Noticed an orc warlord
 23152 | Orc:2    | Found a staircase to the Elven Halls.
 23154 | Orc:2    | Found a roughly hewn altar of Beogh.
 23396 | Orc:2    | Reached XP level 15. HP: 71/95 MP: 17/17
 23581 | Orc:2    | Killed an orc warlord
 23809 | Orc:2    | Found Ovisithra's Armour Shop.
 23888 | Orc:2    | Reached skill level 10 in Armour
 24052 | Orc:2    | Received a gift from Okawaru
 24223 | Orc:2    | Reached skill level 15 in Shields
 24359 | Orc:2    | Found Vago's Book Boutique.
 24365 | Orc:2    | Found Kutun's Armour Shoppe.
 24386 | Orc:2    | Found Zucir's Assorted Antiques.
 24399 | Orc:2    | Bought a +0 pair of boots of running for 504 gold pieces
 24622 | Elf:1    | Entered Level 1 of the Elven Halls
 24622 | Elf:1    | Noticed Azrael
 25170 | D:13     | Found an opulent altar of Gozag.
 25170 | D:13     | Found a shadowy altar of Dithmenos.
 25424 | D:13     | Noticed Nessos
 25448 | D:13     | Killed Nessos
 25585 | D:13     | Noticed Sonja
 25753 | D:13     | Killed Sonja
 26358 | D:14     | Received a gift from Okawaru
 26485 | D:14     | Found a gate to the Vaults.
 26736 | D:14     | Reached XP level 16. HP: 104/104 MP: 19/19
 26737 | D:14     | Found a burning altar of Makhleb.
 27275 | Shoals:1 | Entered Level 1 of the Shoals
 27532 | Shoals:1 | Received a gift from Okawaru
 28810 | Shoals:2 | Received a gift from Okawaru
 29105 | Shoals:2 | Noticed Ilsuiw
 29143 | Shoals:2 | Killed Ilsuiw
 29166 | Shoals:2 | Found a runed translucent gate.
 29279 | Shoals:2 | Noticed Frances
 29308 | Shoals:2 | Killed Frances
 29330 | Shoals:2 | Reached skill level 5 in Dodging
 29524 | Shoals:2 | Found a runed translucent gate.
 29524 | Shoals:2 | Found a runed translucent gate.
 29525 | Shoals:2 | Noticed Peloso's ghost (adept MiFi)
 29777 | Shoals:3 | Received a gift from Okawaru
 29950 | Shoals:3 | Found Apext's Book Boutique.
 30603 | Shoals:4 | Entered Level 4 of the Shoals
 30914 | Shoals:4 | Reached XP level 17. HP: 106/112 MP: 20/20
 31268 | Shoals:4 | Reached skill level 16 in Shields
 31608 | Shoals:4 | Identified a scroll of acquirement
 31635 | Shoals:4 | Found a runed translucent door.
 31635 | Shoals:4 | Noticed NeAGen181's ghost (adept HOFi)
 31786 | Shoals:4 | Received a gift from Okawaru
 31811 | Shoals:4 | Got a barnacled rune of Zot
 32278 | Spider:1 | Entered Level 1 of the Spider Nest
 32381 | Spider:1 | Reached skill level 17 in Shields
 32707 | Spider:1 | Identified Roxanne's Reference Book on Transmigration
 32707 | Spider:1 | Noticed Roxanne
 32796 | Spider:1 | Killed Roxanne
 32863 | Spider:1 | Reached skill level 15 in Fighting
 33594 | Spider:2 | Received a gift from Okawaru
 33958 | Spider:2 | Reached skill level 18 in Shields
 34243 | Spider:2 | Reached XP level 18. HP: 101/119 MP: 21/21
 34826 | Spider:3 | Noticed Aizul
 34847 | Spider:3 | Killed Aizul
 35021 | Spider:3 | Received a gift from Okawaru
 35321 | Spider:3 | Reached skill level 19 in Shields
 36366 | Spider:3 | Gained mutation: Your flesh is cold resistant. (rC+)
                  | [potion of mutation]
 36366 | Spider:3 | Gained mutation: You are surrounded by a mild repulsion
                  | field. (EV +2) [potion of mutation]
 36369 | Spider:4 | Entered Level 4 of the Spider Nest
 36388 | Spider:4 | Noticed Bai Suzhen
 36396 | Spider:4 | Noticed Arachne
 36457 | Spider:3 | Killed Bai Suzhen
 36457 | Spider:3 | Received a gift from Okawaru
 36458 | Spider:3 | Got a transparent scale mail {god gift}
 36719 | Spider:3 | Identified the +1 scale mail of Meafonl Bira {rC+ Str+2
                  | Int+2} (Okawaru gifted it to you on level 3 of the Spider
                  | Nest)
 36852 | Spider:4 | Killed Arachne
 37062 | Spider:4 | Reached skill level 20 in Shields
 37625 | Spider:4 | Reached XP level 19. HP: 74/124 MP: 3/22
 37754 | Spider:4 | Received a gift from Okawaru
 38169 | Spider:4 | Got a gossamer rune of Zot
 38547 | Vaults:1 | Entered Level 1 of the Vaults
 38710 | Vaults:1 | Reached skill level 21 in Shields
 38765 | Vaults:1 | Found a runed translucent gate.
 38765 | Vaults:1 | Found a runed translucent gate.
 38765 | Vaults:1 | Found a runed translucent gate.
 38768 | Vaults:1 | Noticed Cucueget's ghost (adept MiFi)
 39806 | Vaults:1 | Received a gift from Okawaru
 40571 | Vaults:1 | Got a heavily runed helmet
 40603 | Vaults:1 | Identified the cursed +0 helmet "Udem" {*Slow Dex+3 SInv}
                  | (You found it on level 1 of the Vaults)
 40813 | Vaults:2 | Reached skill level 22 in Shields
 41154 | Vaults:2 | Received a gift from Okawaru
 41381 | Vaults:2 | Reached XP level 20. HP: 123/131 MP: 23/23
 41901 | Vaults:2 | Received a gift from Okawaru
 41902 | Vaults:2 | Got a blackened cloak {god gift}
 41931 | Vaults:2 | Identified the +0 cloak of Amorality {rC+ rN+ Dex+2 Slay+3}
                  | (Okawaru gifted it to you on level 2 of the Vaults)
 42275 | Vaults:2 | Found a staircase to the Crypt.
 42392 | Vaults:2 | Reached skill level 23 in Shields
 42566 | Vaults:3 | Found Rowa's Food Emporium.
 43141 | Vaults:3 | Got a shadowed robe
 43142 | Vaults:3 | Identified the +0 robe "Tiacwak" {rPois} (You found it on
                  | level 3 of the Vaults)
 43390 | Vaults:3 | Reached skill level 5 in Invocations
 43774 | Vaults:3 | Received a gift from Okawaru
 43775 | Vaults:3 | Got a bloodstained cloak {god gift}
 43786 | Vaults:3 | Identified the +1 cloak "Ytunlen" {rF+ rC- Str+6 Int+3}
                  | (Okawaru gifted it to you on level 3 of the Vaults)
 44402 | Vaults:4 | Reached skill level 24 in Shields
 44453 | Vaults:4 | Reached XP level 21. HP: 100/137 MP: 21/24
 45903 | Vaults:4 | Received a gift from Okawaru
 46013 | Vaults:5 | Entered Level 5 of the Vaults
 46220 | Vaults:5 | Reached skill level 25 in Shields
 46457 | Vaults:5 | Noticed an ancient lich
 46501 | Vaults:5 | Received a gift from Okawaru
 46501 | Vaults:5 | Reached skill level 15 in Maces & Flails
 46667 | Vaults:5 | Identified the +7 war axe of Balance {speed, *Rage rF+
                  | Str+2 SInv}
 46865 | Vaults:5 | Killed an ancient lich
 46868 | Vaults:5 | Noticed a golden dragon
 46872 | Vaults:5 | Identified the +4 war axe of the Forest {chop, *Corrode
                  | +Blink rC+ Int+3}
 46897 | Vaults:5 | Identified the ring "Wiuxtol" {Wiz SInv}
 46930 | Vaults:5 | Reached XP level 22. HP: 51/145 MP: 23/26
 47292 | Vaults:5 | Received a gift from Okawaru
 47426 | Vaults:5 | Identified the cursed +1 great sword "Heip" {drain, rF- rC+
                  | Int+2}
 47454 | Vaults:5 | Got a silver rune of Zot
 47457 | Vaults:5 | Identified Daitroist's Collected Works on Boosting Black
                  | Rites
 47460 | Vaults:5 | Identified the Disquisition on Malediction and Earth
 47542 | Vaults:5 | Reached skill level 1 in Evocations
 47573 | Vaults:5 | Gained mutation: Potions are less effective at restoring
                  | your health. [mutagenic glow]
 47798 | Vaults:5 | Received a gift from Okawaru
 48012 | Vaults:5 | Reached skill level 15 in Armour
 48334 | Vaults:5 | Killed a golden dragon
 48397 | Vaults:5 | Received a gift from Okawaru
 48685 | Vaults:5 | Found Esekom's Distillery.
 48690 | Vaults:5 | Bought a potion of berserk rage for 60 gold pieces
 48690 | Vaults:5 | Bought a potion of might for 48 gold pieces
 48703 | Vaults:5 | Found Koewenei's Magic Scroll Emporium.
 48703 | Vaults:5 | Found Plog's Food Shop.
 48707 | Vaults:5 | Bought a scroll of blinking for 165 gold pieces
 48707 | Vaults:5 | Bought a scroll of immolation for 77 gold pieces
 48707 | Vaults:5 | Bought a scroll of immolation for 77 gold pieces
 48707 | Vaults:5 | Bought a scroll of immolation for 77 gold pieces
 48737 | Vaults:5 | Bought a scroll of acquirement for 1144 gold pieces
 48982 | Vaults:5 | Received a gift from Okawaru
 49113 | Crypt:1  | Entered Level 1 of the Crypt
 49895 | Crypt:2  | Reached XP level 23. HP: 153/153 MP: 28/28
 50067 | Crypt:2  | Noticed Frederick
 50082 | Crypt:2  | Killed Frederick
 50738 | Crypt:3  | Entered Level 3 of the Crypt
 51408 | Crypt:3  | Found a staircase to the Tomb.
 51408 | Crypt:3  | Noticed an ancient lich
 51424 | Crypt:3  | Killed an ancient lich
 51424 | Crypt:3  | Received a gift from Okawaru
 51551 | Crypt:3  | Found an ancient bone altar of Kikubaaqudgha.
 51567 | Crypt:3  | Noticed an ancient lich
 51586 | Crypt:3  | Killed an ancient lich
 51680 | Crypt:3  | Got an ancient pewter ring
 51680 | Crypt:3  | Got a transparent brass ring
 51687 | Crypt:3  | Identified the ring "Mubrixih" {rN+ MR++ Slay+6 SInv} (You
                  | found it on level 3 of the Crypt)
 51689 | Crypt:3  | Identified the ring "Umiamef" {rN+ Int+2 Dex+4} (You found
                  | it on level 3 of the Crypt)
 52774 | Tomb:1   | Entered Level 1 of the Tomb of the Ancients
 52782 | Tomb:1   | Received a gift from Okawaru
 52796 | Tomb:1   | Got a fine flail {god gift}
 52797 | Tomb:1   | Identified the +2 flail of Okawaru's Hatred {elec, *Corrode
                  | rN+ Str+3 Int+6} (Okawaru gifted it to you on level 1 of
                  | the Tomb of the Ancients)
 52933 | Tomb:1   | Found the +2 hat of the Bear Spirit {Spirit, +Rage rN+
                  | MR++}
 53292 | Tomb:1   | Reached XP level 24. HP: 162/162 MP: 28/28
 53381 | Tomb:1   | Received a gift from Okawaru
 54495 | Tomb:2   | Noticed a greater mummy
 54495 | Tomb:2   | Noticed a greater mummy
 54502 | Tomb:2   | Noticed a greater mummy
 54504 | Tomb:2   | Noticed a greater mummy
 54507 | Tomb:2   | Noticed a greater mummy
 54521 | Tomb:2   | HP: 1/163 [greater mummy/divine providence (14)]
 54525 | Tomb:2   | Killed from afar by a mummy priest

Skill      XL: |  1  2  3  4  5  6  7  8  9 10 11 12 13 14 15 16 17 18 19 20 21 22 23 24 |
---------------+-------------------------------------------------------------------------+-----
Shields        | 4 5 6 8 9 10 11 13 14 15 18 20 22 24 25 | 25.0
Fighting       | 4 5 6 7 9 10 11 13 14 15 16 17 18 19 20 | 20.3
Maces & Flails | 3 4 7 10 12 13 14 15 16 17 | 17.9
Armour         | 4 5 6 7 8 9 11 12 13 14 15 16 | 16.2
Short Blades   | 2 5 7 10 | 10.0
Invocations    | 2 3 4 5 6 7 |  7.1
Dodging        | 1 2 4 5 6 7 8 9 |  9.9
Evocations     | 2 |  2.4
Throwing       | |  0.9

Action                   |  1- 3 |  4- 6 |  7- 9 | 10-12 | 13-15 | 16-18 | 19-21 | 22-24 || total
-------------------------+-------+-------+-------+-------+-------+-------+-------+-------++-------
Melee: Flail             |   108 |   230 |       |       |       |       |       |       ||   338
       Short sword       |       |    11 |   485 |   283 |       |       |       |       ||   779
       Mace              |       |       |       |   295 |  1372 |  1966 |  1803 |  1707 ||  7143
Throw: Javelin           |       |       |       |       |       |     7 |       |       ||     7
Invok: Heroism           |       |       |       |     8 |     9 |     4 |    11 |     6 ||    38
       Finesse           |       |       |       |     4 |     6 |     4 |     8 |     3 ||    25
 Abil: Fly               |       |       |       |       |       |     1 |       |       ||     1
       Evoke Invisibilit |       |       |       |       |       |       |       |     3 ||     3
Evoke: Wand              |       |       |       |       |       |       |     1 |       ||     1
  Use: Scroll            |       |     7 |     3 |     8 |    15 |    12 |    14 |    23 ||    82
       Potion            |       |       |     1 |     4 |     1 |     5 |     6 |    13 ||    30
  Eat: Ration            |       |     2 |     3 |     6 |     6 |     2 |     7 |     8 ||    34
       Chunk             |       |     1 |     2 |    14 |    16 |    32 |     3 |       ||    68
Armor: Scale mail        |    70 |   135 |    11 |       |       |       |       |       ||   216
       Leather armour    |       |       |   137 |    51 |       |       |       |       ||   188
       Chain mail        |       |       |       |   166 |   599 |   998 |   568 |   560 ||  2891
Dodge: Dodged            |    49 |    85 |   111 |   105 |   368 |   617 |   438 |   551 ||  2324
Block: Shield            |    71 |   129 |   210 |   252 |   909 |   302 |       |       ||  1873
       Large shield      |       |       |       |       |       |  1921 |  1958 |  2088 ||  5967
